 Dungeon Crawl Stone Soup version 0.31-a0-339-gda1cbd555d (webtiles) character file.

Game seed: 9244587760072618877

34 lunkers the Ruffian (level 3, 0/28 HPs)
             Began as a Meteoran Shapeshifter on July 20, 2023.
             Slain by a worm (4 damage)
             ... on level 2 of the Dungeon.
             The game lasted 00:01:05 (342 turns).

lunkers the Ruffian (Meteoran Shapeshifter)          Turns: 342, Time: 00:01:06

Health: 0/28       AC:  2    Str: 17    XL:     3   Next: 73%
Magic:  4/4        EV: 12    Int:  9    God:
Gold:   67         SH:  0    Dex: 16    Spells: 2/2 levels left

rFire   . .          .
                       - Unarmed
rCold   . . .        (no shield)
rNeg    . . .        a - +0 animal skin
rPois   .            (helmet currently unavailable)
rElec   .            (cloak currently unavailable)
rCorr   .            (gloves currently unavailable)
SInv    .            (boots currently unavailable)
Will    .....        (no amulet)
Stlth   +            (no ring)
HPRegen 0.24/turn    (no ring)
MPRegen 0.09/turn

%: no passive effects
@: beast-form, glowing
A: beast (slay +2), sense surroundings 1, otherworldly, glowing, explore regen
a: Begin Untransformation


You were on level 2 of the Dungeon.
You were a hulking beast.
You visited 1 branch of the dungeon, and saw 2 of its levels.

You collected 67 gold pieces.

Inventory:

Armour
 a - a +0 animal skin (worn)
 f - a +0 pair of boots
Jewellery
 e - a ring of fire
 h - a +4 ring of protection
Talismans
 c - a beast talisman
Scrolls
 b - a scroll of enchant armour {unknown}
 d - a scroll of teleportation {unknown}
 g - 2 scrolls of identify {unknown}
 i - a scroll of noise {unknown}
 j - a scroll of acquirement {unknown}


   Skills:
 - Level 1.1 Fighting
 - Level 2.4 Dodging
 * Level 4.7 Unarmed Combat
 + Level 4.0 Shapeshifting


You had 2 spell levels left.
You didn't know any spells.
Your spell library was empty.

Dungeon Overview and Level Annotations

Branches:
Dungeon (2/15) Zot: 861

Altars:

Shops:
D:1 :


Innate Abilities, Weirdness & Mutations

You are a hulking beast.
Your limbs bulge with bestial killing power. (Slay +2)
You passively map a small area around you.
You are easily found by Zot.
You glow in the dark.
You regain HP and MP as you explore.


Message History

You miss the quokka.
The quokka bites you but does no damage. x2
You smack the quokka!
You kill the quokka!
You cannot move.
You start resting.
An endoplasm comes into view.
An endoplasm is nearby!
An endoplasm is nearby!
An endoplasm is nearby!
You hit the endoplasm.
The endoplasm is almost dead.
The endoplasm hits you but does no damage.
You smack the endoplasm!
You kill the endoplasm!
Your transformation is almost over.
You cannot move.
You feel less wooden.
Your +0 animal skin unmelds from your body.
You turn into a hulking beast.
Items here: ( ) ††.
b - a scroll labelled BUCOSO VYHETS A worm comes into view.
You are too injured to fight recklessly!
You are too injured to fight recklessly!
You are too injured to fight recklessly!
You punch the worm!
The worm is heavily wounded.
The worm bites you!
* * * LOW HITPOINT WARNING * * *
You barely miss the worm.
The worm is heavily wounded.
You barely miss the worm.
The worm is heavily wounded.
The worm bites you.
* * * LOW HITPOINT WARNING * * *
You hit the worm.
The worm is severely wounded.
The worm bites you.
You die...

* * #....<.....####
...#.#.#.### * , * .#
#.#...# * ,, * #.#..##.#
, ........##
####.....############* ,
..###....##..........
***#................[...
?..####h###.......... ##
#..w.# #..........
,#.#### #..≈≈≈..... * *
#. +..≈.≈..... #. *
#..≈.≈..... * * ..
...≈.≈..... ,.. ,
............ * ... , ,,
* * * ..., * *


You could see a worm.

Vanquished Creatures
  An adder (D:2)
  2 dart slugs (D:1)
  A bat (D:1)
  2 endoplasms (D:2)
  2 giant cockroaches
  2 goblins
  A hobgoblin (D:1)
  2 kobolds (D:2)
  A quokka (D:2)
  3 ball pythons (D:1)
  2 frilled lizards
  A rat (D:1)
20 creatures vanquished.

Notes
Turn   | Place    | Note
-------+----------+-------------------------------------------
     0 | D:1      | lunkers the Meteoran Shapeshifter began the quest for the
                  | Orb.
     0 | D:1      | Reached XP level 1. HP: 16/16 MP: 2/2
    42 | D:1      | Reached XP level 2. HP: 23/23 MP: 3/3
   163 | D:1      | Found Sutigre's Book Emporium.
   251 | D:2      | Reached XP level 3. HP: 28/28 MP: 4/4
   342 | D:2      | Slain by a worm

Illustrated notes

Levels and vault maps discovered:
D:1:      matt_arrival_debris, layout_basic, serial_shops,
          nicolae_book_shop_shelving
D:2:      layout_basic, chequers_serial_rivers_micro_d

Skill      XL: |  1  2  3 |
---------------+----------+-----
Unarmed Combat | 4 |  4.7
Shapeshifting  | 4 |  4.0
Fighting       | |  1.1
Dodging        | |  2.4

Action                     || total
---------------------------++-------
  Melee: Unarmed           ||    47
    Use: Potion            ||     1
 Armour: Animal skin       ||     9
         Skin              ||     4
  Dodge: Dodged            ||    17

Table legend: (Time is in decaauts)
 A = Elapsed time spent in this place.
 B = Non-inter-level travel time spent in this place.
 C = Inter-level travel time spent in this place.
 D = Time resting spent in this place.
 E = Time spent auto-exploring this place.
 F = Levels seen in this place.
 G = Mean time per level.
                   A        B        C        D        E       F      G
               +--------+--------+--------+--------+--------+-----+--------+
         Total |    337 |    312 |     25 |      4 |    174 |   2 |  168.5 |
       Dungeon |    337 |    312 |     25 |      4 |    174 |   2 |  168.5 |
               +--------+--------+--------+--------+--------+-----+--------+

Top non-repeatable levels by time:
     D:1: 245 daAuts
     D:2: 92 daAuts
